 Dungeon Crawl Stone Soup version 0.31-a0-229-g1fc7ce93e2 (webtiles) character file.

Game seed: 5147234433823883663

12 qw the Shooter (level 2, -1/16 HPs)
             Began as a Gargoyle Hexslinger on July 6, 2023.
             Slain by a gnoll
             ... wielding a +0 spear
              (3 damage)
             ... on level 1 of the Dungeon.
             The game lasted 00:00:12 (229 turns).

qw the Shooter (Gargoyle Hexslinger)                 Turns: 229, Time: 00:00:13

Health: -1/16      AC:  4    Str: 11    XL:     2   Next: 33%
Magic:  3/3        EV: 12    Int: 13    God:
Gold:   36         SH:  0    Dex: 12    Spells: 2/3 levels left

rFire   . . .        Y - +1 sling
rCold   . . .        (no shield)
rNeg    + . .        c - +0 robe
rPois   inf          (no helmet)
rElec   +            (no cloak)
rCorr   .            (no gloves)
SInv    .            (no boots)
Will    .....        (no amulet)
Stlth   +            (no ring)
HPRegen 0.22/turn    (no ring)
MPRegen 0.08/turn

%: no passive effects
@: no status effects
A: sickness immunity, AC +2, negative energy resistance 1, electricity
resistance, torment resistance 1, petrification resistance
a: no special abilities


You were on level 1 of the Dungeon.
You visited 1 branch of the dungeon, and saw 1 of its levels.

You collected 36 gold pieces.


Innate Abilities, Weirdness & Mutations

You are immune to sickness and miasma.
Your stone body is resilient. (AC +2)
You are immune to poison.
You resist negative energy. (rN+)
You are resistant to electric shocks. (rElec)
You are resistant to unholy torment.
You are immune to petrification.


   Skills:
 - Level 1.1 Fighting
 + Level 2.9 Ranged Weapons
 - Level 1.5 Dodging
 - Level 1.0 Spellcasting
 - Level 2.6 Hexes


You had 2 spell levels left.
You knew the following spells:

 Your Spells              Type           Power      Damage    Failure   Level
a - Slow                  Hex            28%        N/A       10%         1

Your spell library contained the following spells:

 Spells                   Type           Power      Damage    Failure   Level
 Inner Flame              Hex/Fire       4%         N/A       43%         3
 Portal Projectile        Hex/Tloc       8%         N/A       43%         3
 Cause Fear               Hex            3%         N/A       67%         4

Inventory:

Hand Weapons
 Y - a +1 sling (weapon)
Armour
 c - a +0 robe (worn)
Scrolls
 b - a scroll of poison
 f - a scroll of amnesia

Dungeon Overview and Level Annotations

Branches:
Dungeon (1/15)

Altars:

Annotations:
D:1 exclusion: 9 gnolls


Message History

As you read the scroll labelled ROF YMIWKIASK, it crumbles to dust.
The creatures around you are filled with an inner flame!
It was a scroll of immolation.
The gnoll closely misses you.
Enter note:
Enter note:
Enter note: The gnoll hits you with a +0 spear.
Enter note:
Enter note: The gnoll attacks as you move away!
The gnoll barely misses you. The gnoll closely misses you.
Enter note:
Enter note:
Enter note:
Enter note:
Enter note:
222 ||| FLEEEEING.
223 ||| STILL FLEEEEING.
224 ||| FLEEEEING.
225 ||| STILL FLEEEEING.
226 ||| FLEEEEING.
Enter note:
Enter note:
Enter note:
Enter note:
Enter note:
Enter note:
Enter note:
Enter note:
Enter note:
Enter note:
Enter note:
227 ||| FLEEEEING.
The gnoll hits you but does no damage.
228 ||| FLEEEEING.
The gnoll hits you from afar with a +0 spear.
229 ||| FLEEEEING.
The gnoll hits you from afar with a +0 spear.
You die...

.. #...........#...#####
## ###.#.#.#.#..........#
#>.......>....#..#.#.#
#.#.#.#)#.#...#....#.##
#...........#.#.......#
###.#.#.#.#......#.#..#
##....................#
##.#.#.#.#.#.....##..#.#
##.#........g.@...###.#.#
#.###...##........###.# #
##.#.####..............
##.## #........####.##
#.# #.#####)#####.# #.#
#.##..........# #.#
#.##.##.#######
#.#####.......#
#.....####.####


You could see a gnoll (inner flame).

Vanquished Creatures
  A dart slug (D:1)
  2 bats (D:1)
  An endoplasm (D:1)
  A goblin (D:1)
  2 quokkas (D:1)
  3 kobolds (D:1)
10 creatures vanquished.

Notes
Turn   | Place    | Note
-------+----------+-------------------------------------------
     0 | D:1      | qw the Gargoyle Hexslinger began the quest for the Orb.
     0 | D:1      | Reached XP level 1. HP: 12/12 MP: 2/2
     0 | D:1      | 0 ||| qw: Version: 0.3-a-46-gb1f654a
     0 | D:1      | 0 ||| qw: Game counter: 1316
     0 | D:1      | 0 ||| qw: Melee chars always use a shield: true
     0 | D:1      | 0 ||| qw: God list: Okawaru
     0 | D:1      | 0 ||| qw: Allow faded altars: false
     0 | D:1      | 0 ||| qw: Do Orc after clearing Dungeon:15 true
     0 | D:1      | 0 ||| qw: Do second Lair branch before Depths: true
     0 | D:1      | 0 ||| qw: Lair rune preference: random
     0 | D:1      | 0 ||| qw: Goals: Normal
     0 | D:1      | 0 ||| PLANNING D:1-11
   116 | D:1      | Reached XP level 2. HP: 16/16 MP: 3/3
   203 | D:1      | 203 ||| READING scroll labelled HIGIR DENKUD.
   206 | D:1      | 206 ||| READING scroll labelled QAQEUFEDEY.
   211 | D:1      | 211 ||| READING 2 scrolls labelled PUISOMP LUIRR.
   213 | D:1      | 213 ||| READING scroll labelled NEITERA RIPP.
   217 | D:1      | 217 ||| READING scroll labelled ROF YMIWKIASK.
   222 | D:1      | 222 ||| FLEEEEING.
   224 | D:1      | 224 ||| FLEEEEING.
   226 | D:1      | 226 ||| FLEEEEING.
   227 | D:1      | 227 ||| FLEEEEING.
   228 | D:1      | 228 ||| FLEEEEING.
   228 | D:1      | HP: 2/16 [gnoll/+0 spear (6)]
   229 | D:1      | 229 ||| FLEEEEING.
   229 | D:1      | Slain by a gnoll

Levels and vault maps discovered:
D:1:      roderic_octagonal_star, layout_loops_cross, st_stairs_9,
          minmay_tiny_reverse_x

Action                     || total
---------------------------++-------
   Fire: Sling             ||    39
    Use: Scroll            ||     5
 Armour: Robe              ||    10
  Dodge: Dodged            ||    19

Table legend:
 A = Non-vault XP
 B = Vault XP
 C = Vault XP percentage of total XP
 D = Non-vault monster count
 E = Vault monster count
 F = Vault count percentage of total count
                 A         B        C        D         E       F
            +---------+---------+-------+---------+---------+-------
      Total |      14 |       4 |  22.2 |       8 |       2 |  20.0
            +---------+---------+-------+---------+---------+-------
        D:1 |      14 |       4 |  22.2 |       8 |       2 |  20.0
            +---------+---------+-------+---------+---------+-------
